TOP OF THE 1ST |
---|
Santa Fe Diablos batting - Pitching for BlackIron Dragons : LHP Desi Wells | Pitching: LHP Desi Wells | | Batting: SHB Pancho Vásquez | 0-0: Called Strike 0-1: Ball 1-1: Foul Ball, location: 2F 1-2: Fly out, F7 (Line Drive, 7) | Batting: LHB David Hernández | 0-0: Ball 1-0: Foul Ball, location: 2F 1-1: Ball 2-1: Ball 3-1: Foul Ball, location: 2F 3-2: Base on Balls | Batting: RHB Ray Ervin | 0-0: Ball David Hernández is caught stealing 2nd base 1-0: Called Strike 1-1: Ball 2-1: Swinging Strike 2-2: Foul Ball, location: 2F 2-2: SINGLE (Groundball, 6MD) | Batting: LHB Merrill Erickson | 0-0: Called Strike 0-1: Ball Wild Pitch! Ray Ervin to second 1-1: Fly out, F9 (Flyball, 9) | Top of the 1st over - 0 runs, 1 hit, 0 errors, 1 left on base; Santa Fe 0 - BlackIron 0 | BOTTOM OF THE 1ST |
---|
BlackIron Dragons batting - Pitching for Santa Fe Diablos : LHP Manuel Reyes | Pitching: LHP Manuel Reyes | | Batting: LHB Miguel García | 0-0: Ball 1-0: DOUBLE (Flyball, 8RD) | Batting: RHB Joaquín Valenzuela | 0-0: Fly out, F4 (Line Drive, 4M) | Batting: SHB David Boyle | 0-0: Ball 1-0: Ball 2-0: Fly out, F8 (Flyball, 8RD) | Batting: LHB José Martínez | 0-0: Ball 1-0: Swinging Strike 1-1: Fly out, F7 (Flyball, 78M) | Bottom of the 1st over - 0 runs, 1 hit, 0 errors, 1 left on base; Santa Fe 0 - BlackIron 0 | TOP OF THE 2ND |
---|
Santa Fe Diablos batting - Pitching for BlackIron Dragons : LHP Desi Wells | Batting: RHB Mike Martin | 0-0: Ball 1-0: Ball 2-0: Ball 3-0: Called Strike 3-1: Foul Ball, location: 2F 3-2: Base on Balls | Batting: RHB Chris Rice | 0-0: Ball 1-0: Grounds into double play, 5-4-3 (Groundball, 56) | Batting: RHB Félix Campos | 0-0: Fly out, F7 (Flyball, 7LM) | Top of the 2nd over - 0 runs, 0 hits, 0 errors, 0 left on base; Santa Fe 0 - BlackIron 0 | BOTTOM OF THE 2ND |
---|
BlackIron Dragons batting - Pitching for Santa Fe Diablos : LHP Manuel Reyes | Batting: RHB Foster Hapgood | 0-0: Called Strike 0-1: Ball 1-1: Ball 2-1: Fly out, F9 (Line Drive, 9) | Batting: RHB Randall Walker | 0-0: Called Strike 0-1: Ball 1-1: Ball 2-1: Ground out 5-3 (Groundball, 56S) | Batting: RHB Luis López | 0-0: Called Strike 0-1: Ground out 5-3 (Groundball, 56) | Bottom of the 2nd over - 0 runs, 0 hits, 0 errors, 0 left on base; Santa Fe 0 - BlackIron 0 | TOP OF THE 3RD |
---|
Santa Fe Diablos batting - Pitching for BlackIron Dragons : LHP Desi Wells | Batting: RHB Adrián Barrera | 0-0: Ball 1-0: Ground out 4-3 (Groundball, 4) | Batting: RHB Clarence Robertson | 0-0: Ball 1-0: Ball 2-0: Ball 3-0: Base on Balls | Batting: SHB Pancho Vásquez | 0-0: Foul Ball, location: 2F 0-1: Foul Ball, location: 2F 0-2: Ball 1-2: Ball 2-2: Strikes out swinging | Batting: LHB David Hernández | 0-0: Swinging Strike 0-1: Called Strike 0-2: Strikes out swinging | Top of the 3rd over - 0 runs, 0 hits, 0 errors, 1 left on base; Santa Fe 0 - BlackIron 0 | BOTTOM OF THE 3RD |
---|
BlackIron Dragons batting - Pitching for Santa Fe Diablos : LHP Manuel Reyes | Batting: RHB Jesús Castillo | 0-0: Called Strike 0-1: Ball 1-1: Ball 2-1: Ball 3-1: Called Strike 3-2: Foul Ball, location: 2F 3-2: Base on Balls | Batting: RHB Jake Erickson | 0-0: Called Strike 0-1: Called Strike 0-2: Ball 1-2: Strikes out swinging | Batting: LHB Miguel García | 0-0: Called Strike 0-1: Ground out U3 (Groundball, 34) Jesús Castillo to second | Batting: RHB Joaquín Valenzuela | 0-0: SINGLE (Groundball, 4MD) Jesús Castillo to third Runner from 3rd tries for Home, SAFE, throw made home Joaquín Valenzuela to second | Batting: SHB David Boyle | 0-0: Called Strike 0-1: Ball 1-1: Ball 2-1: Ground out 5-3 (Groundball, 5) | Bottom of the 3rd over - 1 run, 1 hit, 0 errors, 1 left on base; Santa Fe 0 - BlackIron 1 | TOP OF THE 4TH |
---|
Santa Fe Diablos batting - Pitching for BlackIron Dragons : LHP Desi Wells | Batting: RHB Ray Ervin | 0-0: Called Strike 0-1: Fly out, F8 (Flyball, 8LD) | Batting: LHB Merrill Erickson | 0-0: Swinging Strike 0-1: Ball 1-1: Reached on error, E5 (Groundball, 56) | Batting: RHB Mike Martin | 0-0: Swinging Strike 0-1: Ball 1-1: Swinging Strike 1-2: Ball 2-2: Ball 3-2: Base on Balls Merrill Erickson to second | Batting: RHB Chris Rice | 0-0: Ball 1-0: Ball 2-0: SINGLE (Line Drive, 56D) Merrill Erickson to third Mike Martin to second Runner from 3rd tries for Home, SAFE, no throw | Batting: RHB Félix Campos | 0-0: Called Strike 0-1: Foul Ball, location: 2F 0-2: Fly out, F8 (Flyball, 8LS) | Batting: RHB Adrián Barrera | 0-0: Ball 1-0: Ball 2-0: Ball 3-0: Base on Balls Mike Martin to third Chris Rice to second | Batting: RHB Clarence Robertson | 0-0: Ball 1-0: Ball 2-0: Ball 3-0: Base on Balls Mike Martin scores Chris Rice to third Adrián Barrera to second | Batting: SHB Pancho Vásquez | 0-0: Ball 1-0: Called Strike 1-1: Swinging Strike 1-2: Ball 2-2: Strikes out swinging | Top of the 4th over - 2 runs, 1 hit, 1 error, 3 left on base; Santa Fe 2 - BlackIron 1 | BOTTOM OF THE 4TH |
---|
BlackIron Dragons batting - Pitching for Santa Fe Diablos : LHP Manuel Reyes | Batting: LHB José Martínez | 0-0: Called Strike 0-1: Called Strike 0-2: Ball 1-2: Ground out 4-3 (Groundball, 4S) | Batting: RHB Foster Hapgood | 0-0: Called Strike 0-1: Called Strike 0-2: Ground out 4-3 (Groundball, 4) | Batting: RHB Randall Walker | 0-0: Called Strike 0-1: Swinging Strike 0-2: Foul Ball, location: 2F 0-2: Strikes out looking | Bottom of the 4th over - 0 runs, 0 hits, 0 errors, 0 left on base; Santa Fe 2 - BlackIron 1 | TOP OF THE 5TH |
---|
Santa Fe Diablos batting - Pitching for BlackIron Dragons : LHP Desi Wells | Batting: LHB David Hernández | 0-0: Foul Ball, location: 2F 0-1: Ball 1-1: Swinging Strike 1-2: Ball 2-2: Ball 3-2: Foul Ball, location: 2F 3-2: Base on Balls | Pitching: RHP António Molina | | Batting: RHB Ray Ervin | 0-0: Called Strike 0-1: Foul Ball, location: 2F 0-2: Strikes out swinging | Batting: LHB Merrill Erickson | 0-0: Ball 1-0: Foul Ball, location: 2F 1-1: SINGLE (Groundball, 56D) David Hernández to second | Batting: RHB Mike Martin | 0-0: Swinging Strike 0-1: Ball 1-1: Ball 2-1: Called Strike 2-2: Foul Ball, location: 2F 2-2: Ball 3-2: Ground out U3 (Groundball, 34S) David Hernández to third Merrill Erickson to second | Batting: RHB Chris Rice | 0-0: Intentional Walk | Batting: RHB Félix Campos | 0-0: Ball 1-0: Swinging Strike 1-1: Foul Ball, location: 2F 1-2: Ball 2-2: Strikes out looking | Top of the 5th over - 0 runs, 1 hit, 0 errors, 3 left on base; Santa Fe 2 - BlackIron 1 | BOTTOM OF THE 5TH |
---|
BlackIron Dragons batting - Pitching for Santa Fe Diablos : LHP Manuel Reyes | Batting: RHB Luis López | 0-0: Foul Ball, location: 2F 0-1: Foul Ball, location: 2F 0-2: Fly out, F8 (Line Drive, 8LS) | Batting: RHB Jesús Castillo | 0-0: Called Strike 0-1: Ball 1-1: Ball 2-1: Called Strike 2-2: Ball 3-2: Fly out, F8 (Flyball, 8RS) | Batting: RHB Jake Erickson | 0-0: Called Strike 0-1: SINGLE (Groundball, 56D) | Batting: LHB Miguel García | 0-0: Ball 1-0: Ball 2-0: SINGLE (Line Drive, 78S) Jake Erickson to second Runner from 2nd tries for 3rd, SAFE, no throw | Batting: RHB Joaquín Valenzuela | 0-0: Ball 1-0: Ball 2-0: Ball 3-0: Called Strike 3-1: Foul Ball, location: 2F 3-2: Strikes out swinging | Bottom of the 5th over - 0 runs, 2 hits, 0 errors, 2 left on base; Santa Fe 2 - BlackIron 1 | TOP OF THE 6TH |
---|
Santa Fe Diablos batting - Pitching for BlackIron Dragons : RHP António Molina | Batting: RHB Adrián Barrera | 0-0: Called Strike 0-1: Called Strike 0-2: Ball 1-2: Ground out 1-3 (Groundball, 13S) | Batting: RHB Clarence Robertson | 0-0: Ball 1-0: Called Strike 1-1: Fly out, F8 (Flyball, 8RS) | Batting: SHB Pancho Vásquez | 0-0: Ball 1-0: Ball 2-0: SINGLE (Groundball, 56D) | Batting: LHB David Hernández | 0-0: Ball 1-0: Ball 2-0: Ball 3-0: Base on Balls Pancho Vásquez to second | Batting: RHB Ray Ervin | 0-0: Ball 1-0: Foul Ball, location: 2F 1-1: Called Strike 1-2: Strikes out swinging | Top of the 6th over - 0 runs, 1 hit, 0 errors, 2 left on base; Santa Fe 2 - BlackIron 1 | BOTTOM OF THE 6TH |
---|
BlackIron Dragons batting - Pitching for Santa Fe Diablos : LHP Manuel Reyes | Batting: SHB David Boyle | 0-0: Ball 1-0: Ball 2-0: Ball 3-0: Base on Balls | Batting: LHB José Martínez | 0-0: Fly out, F9 (Flyball, 9LMF) | Batting: RHB Foster Hapgood | 0-0: Called Strike David Boyle steals 2nd base 0-1: Swinging Strike 0-2: Ball 1-2: Foul Ball, location: 2F 1-2: Strikes out swinging | Batting: RHB Randall Walker | 0-0: Ball 1-0: Ball 2-0: Swinging Strike 2-1: Swinging Strike 2-2: Strikes out swinging | Bottom of the 6th over - 0 runs, 0 hits, 0 errors, 1 left on base; Santa Fe 2 - BlackIron 1 | TOP OF THE 7TH |
---|
Santa Fe Diablos batting - Pitching for BlackIron Dragons : RHP António Molina | Pitching: LHP Dan Thompson | | Batting: LHB Merrill Erickson | 0-0: Called Strike 0-1: Swinging Strike 0-2: Ball 1-2: Strikes out swinging | Pitching: RHP Kieron Lahyani | | Batting: RHB Mike Martin | 0-0: Foul Ball, location: 2F 0-1: Foul Ball, location: 2F 0-2: Foul Ball, location: 2F 0-2: Ball 1-2: Strikes out looking | Batting: RHB Chris Rice | 0-0: Ball 1-0: Foul Ball, location: 2F 1-1: SINGLE (Groundball, 56D) | Pinch Hitting: LHB Michael Barrett | 0-0: Ball 1-0: Ball 2-0: Called Strike 2-1: Swinging Strike 2-2: Fly out, F7 (Flyball, 7) | Top of the 7th over - 0 runs, 1 hit, 0 errors, 1 left on base; Santa Fe 2 - BlackIron 1 | BOTTOM OF THE 7TH |
---|
BlackIron Dragons batting - Pitching for Santa Fe Diablos : LHP Manuel Reyes | Pitching: RHP Pedro Vélez | | Now in CF: Luis Torres | | Batting: RHB Luis López | 0-0: Foul Ball, location: 2F 0-1: Ball 1-1: Ground out 4-3 (Groundball, 4) | Batting: RHB Jesús Castillo | 0-0: Called Strike 0-1: Ball 1-1: Ground out 6-3 (Groundball, 6) | Batting: RHB Jake Erickson | 0-0: Ball 1-0: Ball 2-0: Ball 3-0: Base on Balls | Batting: LHB Miguel García | 0-0: Called Strike 0-1: Ball Jake Erickson steals 2nd base 1-1: Called Strike 1-2: Ball Wild Pitch! Jake Erickson to third 2-2: 2-RUN HOME RUN (Flyball, 7D), Distance : 409 ft | Pitching: RHP Joe King | | Batting: RHB Joaquín Valenzuela | 0-0: Ball 1-0: Called Strike 1-1: Ball 2-1: Called Strike 2-2: Ball 3-2: SINGLE (Groundball, 56) (infield hit) | Batting: SHB David Boyle | 0-0: SINGLE (Groundball, 56D) Joaquín Valenzuela to second Runner from 2nd tries for 3rd, SAFE, throw made at trailing runner, OUT! | Bottom of the 7th over - 2 runs, 3 hits, 0 errors, 1 left on base; Santa Fe 2 - BlackIron 3 | TOP OF THE 8TH |
---|
Santa Fe Diablos batting - Pitching for BlackIron Dragons : RHP Kieron Lahyani | Batting: RHB Adrián Barrera | 0-0: Foul Ball, location: 2F 0-1: Foul Ball, location: 2F 0-2: Ball 1-2: Strikes out looking | Batting: RHB Clarence Robertson | 0-0: Called Strike 0-1: Ball 1-1: Ball 2-1: SINGLE (Groundball, 6MD) | Pitching: RHP Rafael Reyes | | Batting: SHB Pancho Vásquez | 0-0: Called Strike 0-1: SINGLE (Flyball, 7S) Clarence Robertson to second | Batting: LHB David Hernández | 0-0: Ball 1-0: Ground out 4-3 (Groundball, 4S) Clarence Robertson to third Pancho Vásquez to second | Batting: RHB Ray Ervin | 0-0: Called Strike 0-1: Swinging Strike 0-2: Ball 1-2: Ball 2-2: Strikes out swinging | Top of the 8th over - 0 runs, 2 hits, 0 errors, 2 left on base; Santa Fe 2 - BlackIron 3 | BOTTOM OF THE 8TH |
---|
BlackIron Dragons batting - Pitching for Santa Fe Diablos : RHP Joe King | Batting: LHB José Martínez | 0-0: Ball 1-0: Fly out, F8 (Flyball, 8RS) | Batting: RHB Foster Hapgood | 0-0: Ball 1-0: Ball 2-0: Ball 3-0: Called Strike 3-1: Foul Ball, location: 2F 3-2: SINGLE (Line Drive, 8LS) | Pitching: RHP Ted Stuart | | Pinch Hitting: RHB Vernon Sterling | 0-0: Ball 1-0: Ball 2-0: Swinging Strike 2-1: Ball 3-1: Base on Balls Foster Hapgood to second | Batting: RHB Luis López | 0-0: Ball 1-0: Foul Ball, location: 2F 1-1: Ball 2-1: Called Strike 2-2: Foul Ball, location: 2F 2-2: Foul Ball, location: 2F 2-2: Fly out, F8 (Line Drive, 8LS) | Pinch Hitting: RHB Ryan Jackson | 0-0: Fielders Choice at 2nd, 6-4 (Groundball, 6) | Bottom of the 8th over - 0 runs, 1 hit, 0 errors, 2 left on base; Santa Fe 2 - BlackIron 3 | TOP OF THE 9TH |
---|
Santa Fe Diablos batting - Pitching for BlackIron Dragons : RHP Rafael Reyes | Pitching: RHP Corey Brown | | Now at 1B: Roderick Silva | | Now in LF: Alexander Barr | | Now in RF: Giovannino Arduino | | Batting: LHB Merrill Erickson | 0-0: Ball 1-0: Ball 2-0: Ball 3-0: SINGLE (Groundball, 6M) (infield hit) | Pinch Runner at 1st Chris Deem: | | Batting: RHB Mike Martin | 0-0: Called Strike 0-1: Swinging Strike 0-2: Strikes out swinging | Batting: RHB Chris Rice | 0-0: Ball Wild Pitch! Chris Deem to second 1-0: Ball 2-0: Ball 3-0: Base on Balls | Batting: LHB Luis Torres | 0-0: Fielders Choice at 2nd, 2-4 (Groundball, 2L) Chris Deem to third | Pinch Hitting: SHB Ángel Díaz | 0-0: Called Strike 0-1: Swinging Strike 0-2: Ball 1-2: Strikes out swinging | Top of the 9th over - 0 runs, 1 hit, 0 errors, 2 left on base; Santa Fe 2 - BlackIron 3 | |